 Dungeon Crawl Stone Soup version 0.27.1-33-g824d729ab1 (webtiles) character file.

Game seed: 10147115452362994554

126 cheechan the Gusty (level 5, -3/33 HPs)
             Began as an Octopode Air Elementalist on Nov 30, 2021.
             Killed by divine providence
             ... invoked by an orc priest
              (14 damage)
             ... on level 3 of the Dungeon.
             The game lasted 00:10:19 (2621 turns).

cheechan the Gusty (Octopode Air Elementalist)      Turns: 2621, Time: 00:10:19

Health: -3/33      AC:  2    Str:  7    XL:     5   Next: 9%
Magic:  3/9        EV: 13    Int: 19    God:
Gold:   69         SH:  5    Dex: 12    Spells: 1/9 levels left

rFire    . . .     SeeInvis .   g - +0 hand axe (venom)
rCold    . . .     Faith    .   (no shield)
rNeg     . . .     Spirit   .   l - +1 hat
rPois    .         Reflect  +   b - amulet of reflection
rElec    .         Harm     .   (no ring)
rCorr    .         Rampage  .   (no ring)
Will     .....                  (no ring)
Stlth    +++.......             (no ring)
HPRegen  0.11/turn              (no ring)
MPRegen  0.11/turn              (no ring)
                                (no ring)
                                (no ring)

@: very slightly contaminated
A: almost no armour, amphibious, 8 rings, camouflage 1, gelatinous body 1,
(nimble swimmer 1), tentacles
a: no special abilities


You were on level 3 of the Dungeon.
You visited 1 branch of the dungeon, and saw 3 of its levels.

You collected 69 gold pieces.

Inventory:

Hand Weapons
 c - a +0 flail
 g - a +0 hand axe of venom (weapon)
 i - a +0 hunting sling
Missiles
 j - 6 javelins (quivered)
Armour
 l - a +1 hat (worn)
Magical Staves
 e - a staff of earth
Jewellery
 b - an amulet of reflection (around mantle)
Potions
 a - 2 potions of curing {unknown}
 d - 2 potions of cancellation
 f - 2 potions of berserk rage {unknown}
 h - a potion of heal wounds {unknown}
 k - a potion of mutation {unknown}
 m - 2 potions of lignification


   Skills:
 + Level 1.1 Fighting
 + Level 0.4(0.9) Axes
 + Level 1.0(1.1) Maces & Flails
 + Level 0.1 Throwing
 + Level 2.2 Dodging
 + Level 3.1 Stealth
 + Level 0.2 Unarmed Combat
 + Level 2.9 Spellcasting
 + Level 1.1 Conjurations
 + Level 4.1 Air Magic


You had one spell level left.
You knew the following spells:

 Your Spells              Type           Power      Damage    Failure   Level
a - Shock                 Conj/Air       48%        1d6       5%          1
b - Static Discharge      Conj/Air       12%        N/A       8%          2
c - Blink                 Tloc           N/A        N/A       24%         2
d - Swiftness             Air            18%        N/A       9%          3

Your spell library contained the following spells:

 Spells                   Type           Power      Damage    Failure   Level
 Airstrike                Air            9%         N/A       28%         4
 Lesser Beckoning         Tloc           1%         N/A       43%         3
 Ozocubu's Armour         Ice            2%         N/A       43%         3
 Manifold Assault         Tloc           2%         N/A       99%         5
 Ozocubu's Refrigeration  Ice            1%         4d5       100%        7


Dungeon Overview and Level Annotations

Branches:
Dungeon (3/15)

Altars:

Shops:
D:1 ((*=


Innate Abilities, Weirdness & Mutations

You cannot wear most types of armour.
You are amphibious.
You can wear up to eight rings at the same time.
Your skin changes colour to match your surroundings (Stealth+).
Your rubbery body absorbs attacks. (AC +1, EV +1)
((You are camouflaged near water. (Stealth+)))
You have tentacles for arms and can constrict up to eight enemies at once.


Message History

The orc closely misses you.
There is an open door here.
You barely miss the orc.
The gnoll shouts!
Your grab misses the orc. You hit the orc.
The orc is poisoned.
You closely miss the orc priest. The orc priest barely misses you.
The orc misses you. The orc hits you with a +0 trident.
The orc hits you with a +0 hand axe.
The orc priest calls upon Beogh to heal the orc.
The orc's wounds heal themselves!
The orc barely misses you.
The orc hits you from afar with a +0 trident.
Casting: Shock (safe; 5% risk of failure)
Confirm with . or Enter, or press ? or * to list all spells.
Aiming: Shock (safe; 5% risk of failure)
Press: ? - help, Shift-Dir - straight line, f - orc
Aim: an orc, wielding a +0 hand axe (very poisoned, 68% to hit)
Okay, then.
Casting: Shock (safe; 5% risk of failure)
Confirm with . or Enter, or press ? or * to list all spells.
The orc is struck by an arc of lightning.
The orc is heavily wounded.
Something is struck by an arc of lightning.
The lightning grounds out.
The orc hits you with a +0 hand axe. You block the orc's attack.
Casting: Static Discharge (safe; 8% risk of failure)
Confirm with . or Enter, or press ? or * to list all spells.
The orc is struck by an arc of lightning.
You kill the orc!
Something is struck by an arc of lightning.
The lightning grounds out.
The orc closely misses you.
Unknown command.
Casting: Static Discharge (safe; 8% risk of failure)
Confirm with . or Enter, or press ? or * to list all spells.
You miscast Static Discharge.
You are very lightly contaminated with residual magic.
Nothing appears to happen.
The gnoll hits you from afar with a +0 halberd!
The orc priest calls down the wrath of Beogh upon you.
Beogh smites you!
You die...

#..'########+
#..#†.......#
#..#.'####+.#.#
#..#.#....#.#.## #
#..#.#.##.#.#..# .#
#..#.#.##.#.#..##..#
#..#.#....#.#......#
##.#.+####'.#.....#
#.......@#....#
+########g...#
.......gog.#
#####..o...#
#......# #......+
#......# ####...#
...#


You could see an orc priest, 3 gnolls and an orc.

Vanquished Creatures
  4 gnolls (D:2)
  3 adders
  2 worms (D:3)
  A dart slug (D:3)
  An orc (D:3)
  2 ball pythons
  8 endoplasms
  5 goblins
  6 hobgoblins
  A jackal (D:2)
  2 quokkas
  3 bats (D:1)
  3 frilled lizards
  3 kobolds
  7 rats
51 creatures vanquished.

Vanquished Creatures (others)
  5 plants (D:2)
5 creatures vanquished.

Grand Total: 56 creatures vanquished

Notes
Turn   | Place    | Note
-------+----------+-------------------------------------------
     0 | D:1      | cheechan the Octopode Air Elementalist began the quest for
                  | the Orb.
     0 | D:1      | Reached XP level 1. HP: 11/11 MP: 3/3
    42 | D:1      | Found Jexanip's Weapon Shoppe.
   113 | D:1      | Found Tiumyll's Weapon Shop.
   176 | D:1      | Found Kajosh Ruhyn's General Store.
   221 | D:1      | Reached XP level 2. HP: 16/17 MP: 1/5
   280 | D:1      | Found Xiokai's Jewellery Shoppe.
   858 | D:1      | Reached XP level 3. HP: 21/21 MP: 1/6
   910 | D:2      | Found a faded altar of an unknown god.
  1025 | D:2      | Reached skill level 1 in Maces & Flails
  1562 | D:2      | Learned a level 2 spell: Static Discharge
  1609 | D:2      | Reached skill level 4 in Air Magic
  1609 | D:2      | Reached XP level 4. HP: 10/27 MP: 1/7
  2111 | D:3      | Reached skill level 1 in Fighting
  2375 | D:3      | Learned a level 2 spell: Blink
  2379 | D:3      | Learned a level 3 spell: Swiftness
  2450 | D:3      | Reached XP level 5. HP: 21/33 MP: 5/9
  2621 | D:3      | Killed from afar by an orc priest

Illustrated notes

Levels and vault maps discovered:
D:1:      dpeg_arrival_fog, layout_basic, serial_shops, nicolae_square_shop,
          shop_fountains, nicolae_shop_trees, nicolae_lakefront_shop
D:2:      minmay_door_path, layout_basic, serial_forest,
          infiniplex_forest_lined_3, infiniplex_forest_clump_cross,
          infiniplex_forest_split, infiniplex_forest_straight_2,
          infiniplex_forest_straight_5, infiniplex_forest_lined_2,
          infiniplex_forest_zigzag_1, infiniplex_forest_end_1,
          infiniplex_forest_lined_3, basic_ecumenical_altar,
          minmay_goblin_outpost
D:3:      layout_basic, minivault_11, skrybe_limestone_x, hangedman_glass_teeth,
          uniq_jessica

Skill      XL: |  1  2  3  4 |
---------------+-------------+-----
Stealth        | 3 |  3.1
Maces & Flails | 1 |  1.0
Air Magic      | 4 |  4.1
Fighting       | 1 |  1.1
Axes           | |  0.4
Throwing       | |  0.1
Dodging        | |  2.2
Unarmed Combat | |  0.2
Spellcasting   | |  2.9
Conjurations   | |  1.1

Action                   |  1- 3 |  4- 6 || total
-------------------------+-------+-------++-------
Melee: Unarmed           |     7 |       ||     7
       Flail             |    18 |       ||    18
       Constrict         |     9 |     8 ||    17
       Tentacles         |     5 |     6 ||    11
       Hand axe          |    10 |    33 ||    43
Throw: Javelin           |       |     2 ||     2
 Cast: Shock             |    57 |    30 ||    87
       Static Discharge  |       |     2 ||     2
  Use: Scroll            |     3 |       ||     3
       Potion            |     1 |       ||     1
Armor: Skin              |     3 |     3 ||     6
Dodge: Dodged            |    27 |    24 ||    51
Block: Other             |     6 |     4 ||    10
